 Dungeon Crawl Stone Soup version 0.25-a0-1056-g2efb326896 (webtiles) character file.

Game seed: 15803003399159282503, levelgen mode: deterministic

44 wullow the Skirmisher (level 3, 0/29 HPs)
             Began as a Demonspawn Fighter on May 13, 2020.
             Succumbed to an adder's poison
             ... on level 2 of the Dungeon.
             The game lasted 00:02:05 (914 turns).

wullow the Skirmisher (Demonspawn Fighter)           Turns: 914, Time: 00:02:05

Health: 0/29       AC:  7    Str: 16    XL:     3   Next: 41%
Magic:  3/3        EV:  6    Int:  9    God:
Gold:   42         SH:  9    Dex: 15    Spells: 2/2 levels left

rFire    . . .     SeeInvis .   a - +0 rapier
rCold    . . .     Gourm    .   c - +0 kite shield
rNeg     . . .     Faith    .   b - +0 scale mail
rPois    .         Spirit   .   l - +1 hat
rElec    .         Reflect  .   (no cloak)
rCorr    .         Harm     .   (no gloves)
MR       .....     Rnd*Rage +   (no boots)
Stlth    ..........             (no amulet)
HPRegen  0.09/turn              (no ring)
MPRegen  0.08/turn              (no ring)

@: lethally poisoned (0 -> -6), stab
A: antennae 1, hooves 1, agile 1, berserk 1, powered by pain 1, MP-powered wands
a: no special abilities


You were on level 2 of the Dungeon.
You were not hungry.

You visited 1 branch of the dungeon, and saw 2 of its levels.

You collected 42 gold pieces.

Inventory:

Hand Weapons
 a - a +0 rapier (weapon)
 p - a +2 short sword of flaming
Missiles
 h - 12 poisoned darts (quivered)
 j - 11 arrows
 m - 32 stones
Armour
 b - a +0 scale mail (worn)
 c - a +0 kite shield (worn)
 l - a +1 hat (worn)
Scrolls
 e - a scroll of magic mapping {unknown}
 i - a scroll of fog {unknown}
 k - 2 scrolls of remove curse {unknown}
 n - 3 scrolls of identify {unknown}
Potions
 d - a potion of might
Comestibles
 f - 3 rations


   Skills:
 + Level 3.3 Fighting
 * Level 2.5 Short Blades
 - Level 3.0 Armour
 * Level 3.1 Shields


You had 2 spell levels left.
You didn't know any spells.
Your spell library was empty.

Dungeon Overview and Level Annotations

Branches:
Dungeon (2/15)

Altars:


Innate Abilities, Weirdness & Mutations

You have a pair of small antennae on your head.
You sometimes gain a little power by taking damage.
You have large cloven feet.
You are agile. (Dex +2)
You tend to lose your temper in combat.
You expend magic power (3 MP) to strengthen your wands.


Message History

Your shield and scale mail prevent you from hitting the adder.
You kick the adder.
The adder is moderately wounded.
The adder bites you.
* * * LOW HITPOINT WARNING * * *
You barely miss the adder. Your kick misses the adder.
The adder is moderately wounded.
You block the adder's attack. The adder completely misses you.
You closely miss the adder. You kick the adder.
The adder is severely wounded.
You block the adder's attack.
It was a potion of stabbing.
You feel ready to backstab. You block the adder's attack. The adder bites you.
* * * LOW HITPOINT WARNING * * *
You are lethally poisoned!
The adder poisons you!
You closely miss the adder. Your kick misses the adder.
The adder is severely wounded.
You die...

## ##. ##### ##(.
...#
##..†#####.#######
#. #bS@.........# ##
.. #.##.#.#####.#
#..#. #..#.#.# #.#
#.....#..#.#.# #.#
#...#.#..#.#.# #.#
#........#.#.#####.#
##.......#.#.#.....#
#.......#.#.#.#####
#..#.#..# #.#.#


You could see an adder and a bat.

Vanquished Creatures
  2 adders (D:2)
  A dart slug (D:1)
  3 giant cockroaches (D:1)
  4 hobgoblins
  5 kobolds (D:1)
  2 frilled lizards (D:1)
  4 goblins
  3 rats (D:1)
24 creatures vanquished.

Notes
Turn   | Place    | Note
-------+----------+-------------------------------------------
     0 | D:1      | wullow the Demonspawn Fighter began the quest for the Orb.
     0 | D:1      | Reached XP level 1. HP: 18/18 MP: 1/1
   142 | D:1      | Gained mutation: You have a pair of small antennae on your
                  | head. [demonic ancestry]
   142 | D:1      | Reached XP level 2. HP: 24/24 MP: 2/2
   872 | D:2      | Gained mutation: You sometimes gain a little power by
                  | taking damage. [demonic ancestry]
   872 | D:2      | Reached XP level 3. HP: 22/29 MP: 3/3
   903 | D:2      | Gained mutation: You tend to lose your temper in combat.
                  | [potion of mutation]
   903 | D:2      | Gained mutation: You have large cloven feet. [potion of
                  | mutation]
   903 | D:2      | Gained mutation: You expend magic power (3 MP) to
                  | strengthen your wands. [potion of mutation]
   903 | D:2      | Gained mutation: You are agile. (Dex +2) [potion of
                  | mutation]
   905 | D:2      | HP: 1/29 [poisoned by an adder]
   910 | D:2      | HP: 1/29 [adder (4)]
   914 | D:2      | Succumbed to an adder's poison

Illustrated notes

Levels and vault maps discovered:
D:1:      wander_arrival_fairy_ring, layout_loops_ring, minmay_close_crescents
D:2:      minmay_alternating_diamond, layout_basic, serial_park_tiny_2,
          kennysheep_cluttered_room, minmay_tiny_reverse_x

Skill      XL: |  1  2  3 |
---------------+----------+-----
Short Blades   | 2 |  2.5
Shields        | 3 |  3.1
Armour         | 3 |  3.0
Fighting       | |  3.3

Action                   || total
-------------------------++-------
Melee: Rapier            ||    85
       Kick              ||     2
  Use: Potion            ||     3
Armor: Scale mail        ||    47
Dodge: Dodged            ||    24
Block: Kite shield       ||    44

Table legend:
 A = Non-vault XP
 B = Vault XP
 C = Vault XP percentage of total XP
 D = Non-vault monster count
 E = Vault monster count
 F = Vault count percentage of total count
                 A         B        C        D         E       F
            +---------+---------+-------+---------+---------+-------
      Total |      58 |       6 |   9.4 |      20 |       4 |  16.7
            +---------+---------+-------+---------+---------+-------
        D:1 |      27 |       6 |  18.2 |      16 |       4 |  20.0
        D:2 |      31 |       0 |   0.0 |       4 |       0 |   0.0
            +---------+---------+-------+---------+---------+-------
